 Dungeon Crawl Stone Soup version 0.20.0-15-g7f486f2 (webtiles) character file.

275 Chiseanne the Skirmisher (level 6, 48/51 HPs)
             Began as a Demonspawn Wanderer on June 29, 2017.
             Quit the game on level 5 of the Dungeon.
             The game lasted 00:07:10 (4170 turns).

Chiseanne the Skirmisher (Demonspawn Wanderer)      Turns: 4170, Time: 00:07:10

Health: 48/51      AC: 13    Str: 13    XL:     6   Next: 3%
Magic:  6/6        EV: 10    Int: 16    God:
Gold:   222        SH:  0    Dex: 11    Spells: 5/5 levels left

rFire    . . .     SeeInvis .   a - +4 dagger (speed)
rCold    . . .     Gourm    .   (no shield)
rNeg     . . .     Faith    .   g - +2 scale mail
rPois    .         Spirit   .   (helmet restricted)
rElec    .         Reflect  .   (no cloak)
rCorr    .         Harm     .   r - +0 pair of gloves
MR       .....                  (no boots)
Stlth    ..........             (no amulet)
Regen    0.2/turn               (no ring)
MPRegen  0.1/turn               (no ring)

@: no status effects
A: antennae 1, molten scales 2, demonic guardian 1
a: no special abilities


You were on level 5 of the Dungeon.
You were not hungry.

You visited 1 branch of the dungeon, and saw 5 of its levels.

You collected 222 gold pieces.

Inventory:

Hand Weapons
 a - a +4 dagger of speed (weapon)
 s - a +1 dagger of protection
 w - a +0 shortbow
Missiles
 c - 122 arrows
 e - 4 needles of confusion
 j - 142 stones (quivered)
 l - 7 needles of frenzy
 m - a throwing net
 n - 17 tomahawks
 v - 39 sling bullets
 H - 11 bolts
Armour
 g - a +2 scale mail (worn)
 r - a +0 pair of gloves (worn)
 E - a +0 helmet
Wands
 D - a wand of lightning (4/15)
Scrolls
 h - 2 scrolls of fog
 u - 2 scrolls of remove curse
 y - 2 scrolls of teleportation
 A - a scroll of magic mapping
 C - a scroll of blinking
 F - a scroll of amnesia
Potions
 b - 2 potions of cancellation
 d - 3 potions of lignification
 i - a potion of might {unknown}
 o - 2 potions of haste
 q - a potion of ambrosia {unknown}
 t - a potion of mutation {unknown}
 x - 2 potions of curing
 B - a potion of resistance
Comestibles
 f - 6 bread rations
 k - a meat ration
 p - 4 fruits
 z - a royal jelly


   Skills:
 * Level 5.2 Fighting
 - Level 1.0 Bows
 * Level 4.2 Armour
 * Level 2.9 Dodging
 - Level 1.0 Stealth
   Level 1.0 Shields


You had 5 spell levels left.
You didn't know any spells.

Dungeon Overview and Level Annotations

Branches:
Dungeon (5/15)
 Temple: D:4-7

Altars:
Nemelex Xobeh

Shops:
D:4 [


Innate Abilities, Weirdness & Mutations

You have a pair of small antennae on your head.
You are mostly covered in molten scales. (AC +3)
A weak demonic guardian rushes to your aid.


Message History

You puncture the hound zombie!
The hound zombie is severely damaged.
The hound zombie bites you but does no damage.
You puncture the hound zombie!
The hound zombie is almost destroyed.
The hound zombie closely misses you.
You barely miss the hound zombie.
The hound zombie is almost destroyed.
The hound zombie bites you but does no damage.
You hit the hound zombie.
You destroy the hound zombie!
You have reached level 6!
Your experience leads to an increase in your attributes!
Increase (S)trength, (I)ntelligence, or (D)exterity?
You feel agile.
Your demonic ancestry asserts itself...
A pair of antennae grows on your head!
Your +0 helmet falls away!
Drop what? 33/52 slots (_ for help) (? for menu, Esc to quit)
Okay, then.
Are you sure you want to abandon this character and quit the game? (Confirm with "yes".)

.#....###.#
.<##...##'########
####...'.........#
#...#.........#
#...#.........#
#...#.........#
#...#.........####
#####............#
#######..@...#
#......# #......#
#.......#
#.......#
###.....# #.....#
#.....#


There were no monsters in sight!

Vanquished Creatures
  An orc priest (D:3)
  Natasha (D:4)
  A hound zombie (D:5)
  A gnoll (D:1)
  7 adders
  An ooze (D:1)
  2 worms
  3 dart slugs (D:2)
  5 leopard geckos
  8 orcs
  A ball python (D:1)
  3 giant cockroaches
  3 hobgoblins
  4 jackals (D:2)
  5 bats
  5 frilled lizards
  9 goblins
  4 kobolds
  9 rats
73 creatures vanquished.

Vanquished Creatures (collateral kills)
  A crimson imp (D:4)
  An orc priest (D:4)
  3 orcs
5 creatures vanquished.

Grand Total: 78 creatures vanquished

Notes
Turn   | Place    | Note
-------+----------+-------------------------------------------
     0 | D:1      | Chiseanne the Demonspawn Wanderer began the quest for the Orb.
     0 | D:1      | Chiseanne set off with: a +2 scale mail, a +0 shortbow, 30 arrows, a potion of lignification, a bread ration
     0 | D:1      | Reached XP level 1. HP: 19/19 MP: 1/1
   294 | D:1      | Gained mutation: You are partially covered in molten scales. (AC +2) [demonic ancestry]
   294 | D:1      | Reached XP level 2. HP: 11/25 MP: 2/2
   481 | D:1      | Found a sparkling altar of Nemelex Xobeh.
   901 | D:1      | Reached skill level 1 in Dodging
   901 | D:1      | Gained mutation: A weak demonic guardian rushes to your aid. [demonic ancestry]
   901 | D:1      | Reached XP level 3. HP: 21/31 MP: 3/3
  1800 | D:2      | Gained mutation: You are mostly covered in molten scales. (AC +3) [demonic ancestry]
  1800 | D:2      | Reached XP level 4. HP: 38/38 MP: 4/4
  2337 | D:3      | Reached XP level 5. HP: 43/43 MP: 5/5
  3020 | D:4      | HP: 1/43 [orc priest/divine providence (10)]
  3297 | D:4      | Noticed Natasha
  3310 | D:4      | Killed Natasha
  3310 | D:4      | Reached skill level 5 in Fighting
  3384 | D:4      | Found Kaulais's Armour Shoppe.
  4131 | D:5      | Entered Level 5 of the Dungeon
  4169 | D:5      | Gained mutation: You have a pair of small antennae on your head. [demonic ancestry]
  4169 | D:5      | Reached XP level 6. HP: 48/51 MP: 6/6
  4170 | D:5      | Quit the game

Skill      XL: |  1  2  3  4  5 |
---------------+----------------+-----
Armour         | 3 4 |  4.2
Dodging        | 1 2 |  2.9
Fighting       | 5 |  5.2
Bows           | |  1.0
Stealth        | |  1.0
Shields        | |  1.0

Action                   |  1- 3 |  4- 6 || total
-------------------------+-------+-------++-------
Melee: Dagger            |    89 |   201 ||   290
       Hand axe          |     5 |       ||     5
 Fire: Shortbow          |    23 |       ||    23
  Use: Scroll            |       |    15 ||    15
       Potion            |       |     2 ||     2
  Eat: Chunk             |     3 |     7 ||    10
Armor: Scale mail        |    41 |    74 ||   115
Dodge: Dodged            |    32 |    68 ||   100
